 Dungeon Crawl Stone Soup version 0.32-a0-391-gce5c0aab1b (webtiles) character file.

Game seed: 9086954770921390556

619 originaljbw the Skirmisher (level 7, -4/50 (56) HPs)
             Began as a Gnoll Hunter on Feb 20, 2024.
             Slain by a wight
             ... wielding a +4 great sword
              (6 damage)
             ... on level 4 of the Dungeon.
             The game lasted 00:21:56 (2465 turns).

originaljbw the Skirmisher (Gnoll Hunter)           Turns: 2465, Time: 00:21:56

HP:   -4/50 (56)    AC:  6    Str: 12    XL:     7   Next: 46%
MP:   10/10         EV: 19    Int:  9    God:
Gold: 93            SH:  0    Dex: 15    Spells: 11/11 levels left

rFire   . . .        a - +0 shortbow
rCold   . . .        (shield currently unavailable)
rNeg    . . .        b - +0 robe
rPois   .            (no helmet)
rElec   .            (no cloak)
rCorr   .            (no gloves)
SInv    .            (no boots)
Will    .....        q - amulet of the acrobat
Stlth   ++           e - +5 ring of evasion
HPRegen 0.28/turn    u - +4 ring of protection
MPRegen 0.12/turn

%: acrobat
@: studying Staves, heavily drained
A: fangs 1, strong nose, distributed training
a: no special abilities


You were on level 4 of the Dungeon.
You visited 1 branch of the dungeon, and saw 4 of its levels.

You collected 93 gold pieces.

Inventory:

Hand Weapons
 a - a +0 shortbow (weapon)
 d - a +0 dagger
 l - the +8 trident "Siti" {heavy, Int+5 Stlth-}
   (You found it on level 2 of the Dungeon)

   Int+5:     It affects your intelligence (+5).
   Stlth-:    It makes you less stealthy.
Armour
 b - a +0 robe (worn)
Jewellery
 e - a +5 ring of evasion (left hand)
 q - an amulet of the acrobat (around neck)
 s - an amulet of magic regeneration
 u - a +4 ring of protection (right hand)
Wands
 t - a wand of iceblast (7)
Scrolls
 f - 3 scrolls of silence {unknown}
 g - a scroll of vulnerability {unknown}
 h - a scroll of noise {unknown}
 i - 4 scrolls of teleportation {unknown}
 n - a scroll of amnesia {unknown}
 r - a scroll of revelation {unknown}
Potions
 c - 2 potions of heal wounds {unknown}
 j - a potion of resistance {unknown}
 m - 2 potions of degeneration {unknown}
 o - 2 potions of mutation {unknown}
 p - a potion of curing {unknown}
 v - a potion of lignification {unknown}


   Skills:
 + Level 5.3 Fighting
 + Level 2.6 Short Blades
 + Level 2.6 Long Blades
 + Level 2.6 Axes
 + Level 2.6 Maces & Flails
 + Level 2.6 Polearms
 + Level 3.1 Staves
 + Level 9.0 Ranged Weapons
 + Level 2.6 Throwing
 + Level 2.6 Armour
 + Level 5.3 Dodging
 + Level 3.5 Stealth
 + Level 2.6 Shields
 + Level 2.6 Unarmed Combat
 + Level 2.6 Spellcasting
 + Level 2.1 Conjurations
 + Level 2.1 Hexes
 + Level 2.1 Summonings
 + Level 2.1 Necromancy
 + Level 2.1 Translocations
 + Level 2.1 Fire Magic
 + Level 2.1 Ice Magic
 + Level 2.1 Air Magic
 + Level 2.1 Earth Magic
 + Level 2.1 Alchemy
 + Level 2.9 Invocations
 + Level 2.6 Evocations
 + Level 2.3 Shapeshifting


You had 11 spell levels left.
You didn't know any spells.
Your spell library was empty.

Dungeon Overview and Level Annotations

Branches:
Dungeon (4/15)
 Temple: D:4-7

Altars:


Innate Abilities, Weirdness & Mutations

You have very sharp teeth.
Your uncanny sense of smell can sniff out nearby items.
Your experience applies equally to all skills.


Message History

The wight closely misses you.
Unknown command.
Fire: a) +0 shortbow
Press: ? - help, Q - select action, (/) - cycle Shift-Dir - straight line, f/p - wight
Aim: a wight, wielding a +4 great sword and wearing a +0 robe (65% to hit)
You shoot an arrow.
The arrow hits the wight but does no damage.
The wight hits you with a +4 great sword!
You feel drained.
Fire: a) +0 shortbow
Press: ? - help, Q - select action, (/) - cycle Shift-Dir - straight line, f/p - wight
Aim: a wight, wielding a +4 great sword and wearing a +0 robe (65% to hit)
You shoot an arrow. The arrow closely misses the wight.
The wight closely misses you.
Unknown command.
Fire: a) +0 shortbow
Press: ? - help, Q - select action, (/) - cycle Shift-Dir - straight line, f/p - wight
Aim: a wight, wielding a +4 great sword and wearing a +0 robe (65% to hit)
You shoot an arrow. The arrow hits the wight.
The wight is lightly damaged.
The wight closely misses you.
Fire: a) +0 shortbow
Press: ? - help, Q - select action, (/) - cycle Shift-Dir - straight line, f/p - wight
Aim: a wight, wielding a +4 great sword and wearing a +0 robe (lightly damaged, 65% to hit)
You shoot an arrow.
The arrow hits the wight but does no damage.
The wight is lightly damaged.
The wight closely misses you.
An orc comes into view. It is wielding a +0 morningstar.
Fire: a) +0 shortbow
Press: ? - help, Q - select action, (/) - cycle Shift-Dir - straight line, f/p - wight
Aim: a wight, wielding a +4 great sword and wearing a +0 robe (lightly damaged, 65% to hit)
You shoot an arrow. The orc shouts!
The arrow hits the wight.
The wight is moderately damaged.
The wight hits you with a +4 great sword!!
* * * LOW HITPOINT WARNING * * *
You feel drained.
You die...

#...# #.... ∆ #####...####
........... .....##
........>. ∆ ...##.. .......
#..##.# #...#####.# #..##.#
#.........# #..##.#
###.@[#########..##.#
#..z÷.).)..o.##..##.#
#.#...#)####)........
#.#...#.####..#...#.#
#.##.......#..#...... #####
#.#####.##.#..##....# ...#
#.#####.......###.#.#
####.###...z.......#..(..#..
#........#####.##.)#####..†.


You could see a wight and an orc.

Vanquished Creatures
  Grinder (D:3)
  2 wights (D:3)
  An orc priest (D:4)
  Jessica (D:3)
  Natasha (D:4)
  3 orc wizards (D:4)
  4 adders
  4 gnolls (D:4)
  2 ribbon worms (D:2)
  4 endoplasms
  4 giant cockroaches
  4 goblins
  5 hobgoblins
  2 quokkas
  5 ball pythons
  7 bats
  A frilled lizard (D:3)
  7 kobolds
  4 rats
62 creatures vanquished.

Notes
Turn   | Place    | Note
-------+----------+-------------------------------------------
     0 | D:1      | originaljbw the Gnoll Hunter began the quest for the Orb.
     0 | D:1      | Reached XP level 1. HP: 20/20 MP: 1/1
   149 | D:1      | Reached XP level 2. HP: 26/26 MP: 2/2
   446 | D:1      | Reached XP level 3. HP: 31/31 MP: 3/3
   551 | D:1      | Reached skill level 1 in Invocations
   727 | D:2      | Reached skill level 1 in Short Blades
   727 | D:2      | Reached skill level 1 in Long Blades
   727 | D:2      | Reached skill level 1 in Axes
   727 | D:2      | Reached skill level 1 in Maces & Flails
   727 | D:2      | Reached skill level 1 in Polearms
   727 | D:2      | Reached skill level 1 in Staves
   727 | D:2      | Reached skill level 1 in Throwing
   727 | D:2      | Reached skill level 1 in Armour
   727 | D:2      | Reached skill level 1 in Shields
   727 | D:2      | Reached skill level 1 in Unarmed Combat
   727 | D:2      | Reached skill level 1 in Spellcasting
   727 | D:2      | Reached skill level 1 in Evocations
   736 | D:2      | Identified the +8 trident "Siti" {heavy, Int+5 Stlth-}
   834 | D:2      | Reached skill level 1 in Shapeshifting
   834 | D:2      | Reached XP level 4. HP: 29/38 MP: 5/5
  1176 | D:3      | Noticed Jessica
  1182 | D:3      | Killed Jessica
  1183 | D:3      | Reached skill level 1 in Conjurations
  1183 | D:3      | Reached skill level 1 in Hexes
  1183 | D:3      | Reached skill level 1 in Summonings
  1183 | D:3      | Reached skill level 1 in Necromancy
  1183 | D:3      | Reached skill level 1 in Translocations
  1183 | D:3      | Reached skill level 1 in Fire Magic
  1183 | D:3      | Reached skill level 1 in Ice Magic
  1183 | D:3      | Reached skill level 1 in Air Magic
  1183 | D:3      | Reached skill level 1 in Earth Magic
  1183 | D:3      | Reached skill level 1 in Alchemy
  1212 | D:3      | Noticed Grinder
  1227 | D:3      | Killed Grinder
  1228 | D:3      | Reached skill level 5 in Fighting
  1228 | D:3      | Reached skill level 5 in Dodging
  1228 | D:3      | Reached XP level 5. HP: 39/44 MP: 5/8
  1228 | D:3      | Reached XP level 6. HP: 46/51 MP: 5/9
  1954 | D:4      | Noticed Natasha
  1960 | D:4      | Killed Natasha
  1961 | D:4      | Reached XP level 7. HP: 37/56 MP: 10/10
  2376 | D:3      | Reached skill level 9 in Ranged Weapons
  2465 | D:4      | HP: 2/53 [wight/+4 great sword (18)]
  2465 | D:4      | Slain by a wight

Illustrated notes

Levels and vault maps discovered:
D:1:      ncdulo_halloftheorcs, layout_loops_ring
D:2:      wander_river, layout_rooms
D:3:      layout_basic, uniq_jessica, uniq_grinder
D:4:      layout_loops_cross, kennysheep_mini, serial_shops, shop, uniq_natasha,
          uniq_edmund

Skill      XL: |  1  2  3  4  5  6  7 |
---------------+----------------------+-----
Invocations    | 1 2 |  2.9
Short Blades   | 1 2 |  2.6
Long Blades    | 1 2 |  2.6
Axes           | 1 2 |  2.6
Maces & Flails | 1 2 |  2.6
Polearms       | 1 2 |  2.6
Staves         | 1 2 3 |  3.1
Throwing       | 1 2 |  2.6
Armour         | 1 2 |  2.6
Shields        | 1 2 |  2.6
Unarmed Combat | 1 2 |  2.6
Spellcasting   | 1 2 |  2.6
Evocations     | 1 2 |  2.6
Shapeshifting  | 1 2 |  2.3
Conjurations   | 1 2 |  2.1
Hexes          | 1 2 |  2.1
Summonings     | 1 2 |  2.1
Necromancy     | 1 2 |  2.1
Translocations | 1 2 |  2.1
Fire Magic     | 1 2 |  2.1
Ice Magic      | 1 2 |  2.1
Air Magic      | 1 2 |  2.1
Earth Magic    | 1 2 |  2.1
Alchemy        | 1 2 |  2.1
Fighting       | 5 |  5.3
Dodging        | 5 |  5.3
Stealth        | 3 |  3.5
Ranged Weapons | 9 |  9.0

Action                     |  1- 3 |  4- 6 |  7- 9 || total
---------------------------+-------+-------+-------++-------
  Melee: Shortbow          |       |     1 |       ||     1
   Fire: Shortbow          |    75 |    91 |    87 ||   253
    Use: Scroll            |       |       |     1 ||     1
 Armour: Leather armour    |    16 |    30 |    43 ||    89
         Robe              |       |       |     3 ||     3
  Dodge: Dodged            |    34 |    30 |   105 ||   169

Table legend: (Time is in decaauts)
 A = Elapsed time spent in this place.
 B = Non-inter-level travel time spent in this place.
 C = Inter-level travel time spent in this place.
 D = Time resting spent in this place.
 E = Time spent auto-exploring this place.
 F = Levels seen in this place.
 G = Mean time per level.
                   A        B        C        D        E       F      G
               +--------+--------+--------+--------+--------+-----+--------+
         Total |   2492 |   2451 |     41 |      2 |    194 |   4 |  623.0 |
       Dungeon |   2492 |   2451 |     41 |      2 |    194 |   4 |  623.0 |
               +--------+--------+--------+--------+--------+-----+--------+

Top non-repeatable levels by time:
     D:3: 1003 daAuts
     D:1: 612 daAuts
     D:2: 579 daAuts
     D:4: 296 daAuts
